 Dungeon Crawl Stone Soup version 0.28.0-53-g5a82cb258f (webtiles) character file.

Game seed: 13971110775720272855

13825 ratmagoo the Geomancer (level 12, -7/79 HPs)
             Began as a Gargoyle Earth Elementalist on Aug 5, 2022.
             Was a Priest of Ashenzari.
             Mangled by a fire giant
             ... wielding a +1 great sword of flaming
              (22 damage)
             ... on level 10 of the Dungeon on Aug 7, 2022.
             The game lasted 01:35:40 (11649 turns).

ratmagoo the Geomancer (GrEE)                      Turns: 11649, Time: 01:35:41

Health: -7/79      AC: 16    Str: 12    XL:     12   Next: 10%
Magic:  18/27      EV: 15    Int: 30    God:    Ashenzari [***...]
Gold:   649        SH:  0    Dex: 14    Spells: 27/33 levels left

rFire   + . .      SeeInvis +   a - +2 dagger of the Tethered Moon {venom, Melee, Cun} (curse)
rCold   x . .      Faith    .   (no shield)
rNeg    + . .      Spirit   .   B - +2 robe of Desmomancy {Will+, Melee, Self} (curse)
rPois   ∞          Reflect  .   E - +0 hat {Int+3}
rElec   +          Harm     .   (no cloak)
rCorr   .          Rampage  .   C - +3 pair of gloves of Ashenzari's Scepticism {Dex+4, Self, Bglg} (curse)
Will    +....      Clarity  +   (no boots)
Stlth   ++++......              d - amulet of Ashenzari's Doubts {RegenMP, Evo, Elem} (curse)
HPRegen 0.23/turn               r - ring of fire
MPRegen 0.60/turn               y - ring "Chained With Me" {Int+6, Comp, Bglg} (curse)

@: no status effects
A: sickness immunity, AC +8, negative energy resistance 1, electricity
resistance, torment resistance 1, petrification resistance
a: Renounce Religion, Curse Item, Shatter the Chains


You were on level 10 of the Dungeon.
You worshipped Ashenzari.
Ashenzari was most pleased with you.
You visited 1 branch of the dungeon, and saw 10 of its levels.

You collected 649 gold pieces.

Inventory:

Hand Weapons
 a - the cursed +2 dagger of the Tethered Moon (weapon) {venom, Melee, Cun}
   (You found it on level 1 of the Dungeon)

   It poisons the flesh of those it strikes.
   It has a curse which improves the following skills: Melee Combat: Short
   Blades, Long Blades, Axes, Maces & Flails, Polearms, Staves and Unarmed
   Combat.
   Cunning:   Dodging and Stealth.
 g - a +4 dagger
 l - a +2 vorpal morningstar
 t - the +10 trident of a ziggurat {antimagic, *Slow Will+ Int+2}
   (You found it on level 5 of the Dungeon)

   It reduces the magical energy of the wielder, and disrupts the spells and
   magical abilities of those it strikes.
   Natural abilities and divine invocations are not affected.
   Int:       It affects your intelligence (+2).
   *Slow:     It may slow you when you take damage.
   Will:      It increases your willpower.
 z - a +4 vorpal spear
 G - a +1 dagger of speed
 H - a +4 mace
 I - a +5 hand axe
 J - a +3 dagger of freezing
Missiles
 c - 37 stones (quivered)
 u - 14 poisoned darts
Armour
 e - a +2 helmet
 m - +0 steam dragon scales
 A - a +2 helmet
 B - the cursed +2 robe of Desmomancy (worn) {Will+, Melee, Self}
   (You took it off a wight on level 6 of the Dungeon)

   It has a curse which improves the following skills: Melee Combat: Short
   Blades, Long Blades, Axes, Maces & Flails, Polearms, Staves and Unarmed
   Combat.
   Introspection: Fighting and Spellcasting.
 C - the cursed +3 pair of gloves of Ashenzari's Scepticism (worn) {Dex+4, Self, Bglg}
   (You found it on level 7 of the Dungeon)

   Dex:       It affects your dexterity (+4).
   It has a curse which improves the following skills: Introspection: Fighting
   and Spellcasting.
   Beguiling: Conjurations, Hexes and Translocations.
 E - a +0 hat of intelligence (worn)
Jewellery
 d - the cursed amulet of Ashenzari's Doubts (around neck) {RegenMP, Evo, Elem}
   (You found it on level 1 of the Dungeon)

   [amulet of magic regeneration]

   It increases your rate of magic regeneration.
   It has a curse which improves the following skills: Evocations: Evocations.
   Elements:  Fire Magic, Ice Magic, Air Magic and Earth Magic.
 o - a ring of protection from cold
 r - a ring of fire (left hand)
 s - an amulet of guardian spirit
 x - the amulet of Taedanov {Spirit Contam rElec rN+ Str+5}
   (You took it off an orc on level 7 of the Dungeon)

   [amulet of guardian spirit]

   It causes incoming damage to be divided between your reserves of health and
   magic.
   Str:       It affects your strength (+5).
   rElec:     It insulates you from electricity.
   rN:        It protects you from negative energy.
   Contam:    It causes magical contamination when unequipped.
 y - the cursed ring "Chained With Me" (right hand) {Int+6, Comp, Bglg}
   (You found it on level 5 of the Dungeon)

   [ring of intelligence]

   Int:       It affects your intelligence (+6).
   It has a curse which improves the following skills: Companions: Summonings
   and Necromancy.
   Beguiling: Conjurations, Hexes and Translocations.
 O - the ring of Shadows {Umbra +Inv Stlth+}
   (You found it on level 10 of the Dungeon)

   [ring of stealth]

   It surrounds you with an aura of shadow, increasing your stealth and reducing
   the accuracy of all others within it.
   +Inv:      It lets you turn invisible.
   Stlth:     It makes you more stealthy.
Wands
 h - a wand of acid (6)
 L - a wand of flame (7)
 M - a wand of polymorph (5)
Scrolls
 f - 2 scrolls of silence
 i - 6 scrolls of identify
 v - a scroll of amnesia
Potions
 b - a potion of resistance
 j - a potion of mutation
 k - 2 potions of might
 n - 2 potions of curing
 p - 4 potions of lignification
 D - 2 potions of attraction
 F - a potion of flight
 K - a potion of haste
 N - a potion of brilliance


   Skills:
 - Level 8.1(10.6) Fighting
 + Level 0.0(0.3) Short Blades
 + Level 5.7(7.3) Dodging
 - Level 7.5(9.2) Stealth
 - Level 8.6(11.1) Spellcasting
 - Level 9.5(12.0) Conjurations
 - Level 0.7 Transmutations
 - Level 10.8(12.3) Earth Magic
 - Level 1.8(3.1) Evocations


You had 27 spell levels left.
You knew the following spells:

 Your Spells              Type           Power      Damage    Failure   Level
a - Sandblast             Erth           100%       2d20      1%          1
b - Stone Arrow           Conj/Erth      100%       3d13      1%          3
c - Passwall              Tmut/Erth      45%        N/A       1%          2

Your spell library contained the following spells:

 Spells                   Type           Power      Damage    Failure   Level
 Petrify                  Tmut/Erth      54%        N/A       1%          4
 Gell's Gravitas          Tloc           18%        N/A       9%          3
 Teleport Other           Tloc           18%        N/A       9%          3
 Dispersal                Tloc           9%         N/A       99%         6


Dungeon Overview and Level Annotations

Branches:
Dungeon (10/15)            Temple (0/1) D:5            Lair (0/6) D:9
    Orc (0/2) D:9

Altars:
Ashenzari
Cheibriados
Elyvilon
Fedhas
Hepliaklqana
Makhleb
Okawaru
Qazlal
Ru
Sif Muna
Trog
Uskayaw
Xom
Beogh

Shops:
D:7 *?*[?

Portals:
Trove: D:10 (give +3 storm dragon scales)


Innate Abilities, Weirdness & Mutations

You are immune to sickness and miasma.
Your stone body is resilient. (AC +8)
You are immune to poison.
You resist negative energy. (rN+)
You are resistant to electric shocks. (rElec)
You are resistant to unholy torment.
You are immune to petrification.


Message History

Press: ? - help, Shift-Dir - straight line, f/p - fire giant
Aim: a fire giant, wielding a +1 great sword of flaming (lightly wounded, 95% to hit)
The stone arrow hits the fire giant!!
The fire giant is moderately wounded.
The fire giant points at you and mumbles some strange words.
The fireball explodes!
The fireball engulfs you! You resist.
The fireball engulfs the fire giant!
The fire giant resists.
Casting: Stone Arrow (safe; 1% risk of failure)
Confirm with . or Enter, or press ? or * to list all spells.
Aiming: Stone Arrow (safe; 1% risk of failure)
Press: ? - help, Shift-Dir - straight line, f/p - fire giant
Aim: a fire giant, wielding a +1 great sword of flaming (moderately wounded, 95% to hit)
The stone arrow hits the fire giant!
The fire giant is heavily wounded.
The fire giant hits you with a +1 great sword of flaming!
* * * LOW HITPOINT WARNING * * *
The fire giant burns you.
* * * LOW HITPOINT WARNING * * *
You feel better. The fire giant barely misses you.
Casting: Stone Arrow (safe; 1% risk of failure)
Confirm with . or Enter, or press ? or * to list all spells.
Aiming: Stone Arrow (safe; 1% risk of failure)
Press: ? - help, Shift-Dir - straight line, f/p - fire giant
Aim: a fire giant, wielding a +1 great sword of flaming (heavily wounded, 95% to hit)
The stone arrow hits the fire giant!!
The fire giant is severely wounded.
The fire giant hits you with a +1 great sword of flaming!!
* * * LOW HITPOINT WARNING * * *
The fire giant burns you.
* * * LOW HITPOINT WARNING * * *
Okay, then.
Aiming: Polymorph
Press: ? - help, Shift-Dir - straight line, f/p - fire giant
Aim: a fire giant, wielding a +1 great sword of flaming (severely wounded, will become a fenstrider witch, an eight-headed hydra, or an alligator snapping turtle, chance to affect: 11%)
Okay, then.
Unknown command.
Okay, then.
You feel better.
The fire giant hits you with a +1 great sword of flaming!!
You die...

........#..##
#(# #.#
########.###
#.# #.# # # #.#
###.###.# #
########.#
#.......# #
.........#
#.#####.# #
########## #.#
##, # # #.#
*.#, # #
#{###.#< # #
#°#@#C# *
###### # #
#○#C#.#**
##....# # #
##.#.#,*
#.###.### ###.#
####..#...# #.#
#..†#####.# ###
######....#..
#####
*∆#.....#######
....# *
*######## #.#.#
* ,.|#∆*


You could see a fire giant.

Vanquished Creatures
  Gastronok (D:9)
  A death knight (D:7)
  An ugly thing (D:10)
  The ghost of acdeimund the Chiller, a novice MfIE of Dithmenos (D:6)
  Joseph (D:9)
  Psyche (D:9)
  Maggie (D:7)
  2 hornets
  A wraith (D:10)
  2 shadows
  Sigmund (D:5)
  8 wyverns
  9 yaks (D:9)
  A steam dragon (D:9)
  4 vampire mosquitoes (D:9)
  A warg (D:6)
  An acid dragon (D:10)
  7 water moccasins
  9 orc warriors
  A floating eye (shapeshifter) (D:10)
  4 sky beasts
  A black bear (D:7)
  An ice beast (D:8)
  An ogre (D:7)
  8 centaurs
  2 necrophages (D:7)
  A kobold brigand (D:7)
  2 bullfrogs
  5 scorpions
  A gnoll sergeant (D:5)
  2 wyvern zombies (D:7)
  3 wyvern skeletons (D:7)
  18 wights
  A killer bee (D:7)
  A vampire bat (D:6)
  A howler monkey (D:10)
  3 centaur zombies
  2 gnoll shamans
  7 orc priests
  4 hounds
  2 bullfrog skeletons
  2 centaur skeletons (D:7)
  6 orc wizards
  An iguana (D:7)
  A howler monkey zombie (D:8)
  3 adders
  10 gnolls
  A howler monkey skeleton (D:5)
  A shadow imp (D:6)
  2 ufetubi
  A worm (D:2)
  A dart slug (D:1)
  37 orcs
  6 endoplasms
  5 giant cockroaches
  6 goblins
  9 hobgoblins
  4 jackals (D:3)
  3 quokkas
  7 ball pythons
  11 bats
  3 frilled lizards (D:2)
  9 kobolds
  2 rats (D:1)
255 creatures vanquished.

Vanquished Creatures (others)
  4 fungi (D:9)
  41 plants
45 creatures vanquished.

Grand Total: 300 creatures vanquished

Notes
Turn   | Place    | Note
-------+----------+-------------------------------------------
     0 | D:1      | ratmagoo the Gargoyle Earth Elementalist began the quest
                  | for the Orb.
     0 | D:1      | Reached XP level 1. HP: 10/10 MP: 3/3
   173 | D:1      | Reached XP level 2. HP: 15/15 MP: 5/5
   213 | D:1      | Reached skill level 4 in Earth Magic
   825 | D:2      | Reached XP level 3. HP: 14/19 MP: 4/6
  2054 | D:3      | Reached XP level 4. HP: 19/24 MP: 6/8
  2131 | D:3      | Found a faded altar of an unknown god.
  2196 | D:3      | Found a broken altar of Ashenzari.
  2361 | D:3      | Became a worshipper of Ashenzari the Shackled
  2494 | D:4      | Reached skill level 5 in Earth Magic
  2557 | D:4      | Reached XP level 5. HP: 28/28 MP: 7/10
  2569 | D:4      | Found a shimmering altar of Xom.
  2574 | D:4      | Found a sacrificial altar of Ru.
  2574 | D:4      | Found a hazy altar of Hepliaklqana.
  2575 | D:4      | Found a burning altar of Makhleb.
  2576 | D:4      | Found a bloodstained altar of Trog.
  2576 | D:4      | Found a white marble altar of Elyvilon.
  2577 | D:4      | Found a hide-covered altar of Uskayaw.
  2578 | D:4      | Found a snail-covered altar of Cheibriados.
  2578 | D:4      | Found a stormy altar of Qazlal.
  2579 | D:4      | Found a blossoming altar of Fedhas.
  2935 | D:4      | Reached skill level 6 in Earth Magic
  3212 | D:4      | Reached XP level 6. HP: 32/32 MP: 12/12
  3503 | D:5      | Entered Level 5 of the Dungeon
  3540 | D:5      | Identified the +10 trident of a ziggurat {antimagic, *Slow
                  | Will+ Int+2}
  3945 | D:5      | Reached * piety under Ashenzari
  4032 | D:5      | Reached skill level 7 in Earth Magic
  4062 | D:5      | Noticed Sigmund
  4062 | D:5      | Noticed a wyvern
  4736 | D:5      | Found a staircase to the Ecumenical Temple.
  4750 | D:5      | Killed a wyvern
  4751 | D:5      | Reached skill level 8 in Earth Magic
  4751 | D:5      | Reached XP level 7. HP: 27/36 MP: 9/13
  4835 | D:5      | Killed Sigmund
  5218 | D:5      | Learned a level 3 spell: Stone Arrow
  5270 | D:5      | Reached XP level 8. HP: 31/41 MP: 4/14
  5512 | D:6      | Reached skill level 9 in Earth Magic
  5581 | D:6      | Reached ** piety under Ashenzari
  5765 | D:6      | Reached skill level 5 in Conjurations
  6046 | D:6      | Reached skill level 10 in Earth Magic
  6236 | D:6      | Found a runed translucent gate.
  6236 | D:6      | Found a runed translucent gate.
  6236 | D:6      | Found a runed translucent gate.
  6239 | D:6      | Noticed acdeimund's ghost (novice MfIE)
  6241 | D:6      | Identified the +3 chain mail of Molem {rF++ Regen+ Str-3
                  | Int+4}
  6353 | D:6      | Found a shimmering blue altar of Sif Muna.
  6511 | D:6      | Reached XP level 9. HP: 45/45 MP: 13/15
  6572 | D:7      | Identified the +3 pair of gloves "Woh Moum" {Dex+4}
  6663 | D:7      | Found Dielec's Magic Scroll Shoppe.
  6663 | D:7      | Noticed Maggie
  6683 | D:7      | Learned a level 2 spell: Passwall
  6716 | D:7      | Noticed a death knight
  6975 | D:6      | Killed acdeimund's ghost
  7217 | D:7      | Reached skill level 1 in Evocations
  7378 | D:7      | Reached skill level 1 in Fighting
  7409 | D:7      | Reached XP level 10. HP: 55/55 MP: 16/18
  7424 | D:7      | Killed Maggie
  7432 | D:7      | Reached skill level 5 in Stealth
  7432 | D:7      | Reached skill level 5 in Spellcasting
  7523 | D:7      | Killed a death knight
  7779 | D:7      | Reached *** piety under Ashenzari
  7845 | D:7      | Identified the amulet of Taedanov {Spirit Contam rElec rN+
                  | Str+5}
  7978 | D:7      | Found Tirytsua's Assorted Antiques.
  8171 | D:7      | Found Cuacimuid's Armour Emporium.
  8199 | D:7      | Found Qeucs's Magic Scroll Shop.
  8232 | D:7      | Found Cikhlob's Assorted Antiques.
  8483 | D:8      | Identified the +9 hunting sling "Vemyk" {venom, rCorr}
  8944 | D:9      | Found a staircase to the Lair.
  8961 | D:9      | Reached XP level 11. HP: 44/67 MP: 19/24
  8966 | D:9      | Reached skill level 5 in Fighting
  9384 | D:9      | Noticed Gastronok
  9417 | D:9      | Killed Gastronok
  9602 | D:9      | Noticed Psyche
  9617 | D:9      | Killed Psyche
  9966 | D:9      | Noticed Joseph
  9970 | D:9      | Killed Joseph
 10099 | D:9      | Reached skill level 5 in Dodging
 10300 | D:9      | Found a staircase to the Orcish Mines.
 10884 | D:10     | Entered Level 10 of the Dungeon
 10893 | D:10     | Found a portal to a secret trove of treasure.
 11022 | D:10     | Reached XP level 12. HP: 60/78 MP: 26/26
 11101 | D:10     | Found an iron altar of Okawaru.
 11448 | D:10     | Found the ring of Shadows {Umbra +Inv Stlth+}
 11622 | D:10     | Noticed a boulder beetle
 11626 | D:10     | Noticed a fire giant
 11649 | D:10     | Mangled by a fire giant

Illustrated notes

Levels and vault maps discovered:
D:1:      heliophobic_arrival_dark_side_of_the_moon, layout_basic
D:2:      layout_loops_corners
D:3:      layout_rooms, lemuel_coloured_pillars_altar, basic_ecumenical_altar
D:4:      layout_loops_ring, nicolae_overflows_in_rows, st_stairs_6,
          glass_columns_a, nicolae_figureground_pulse
D:5:      layout_loops_cross, minmay_temple_entry_waves, nicolae_grassy_gnolls,
          uniq_sigmund
D:6:      layout_cave_pools, tgw_sif, biasface_ghost_orc_armoury,
          roderic_batcave
D:7:      nzn_winding_woodlands_three_and_one
          [nzn_winding_woodlands_5x15_parted,
          nzn_winding_woodlands_5x15_pathside_ponds,
          nzn_winding_woodlands_5x15_jagged,
          nzn_winding_woodlands_center_garden], layout_loops_ring, serial_shops,
          shop, shop_fountains, kennysheep_mini, nicolae_shop_waterfront,
          shop_fountains, uniq_maggie
D:8:      layout_cave_pools, serial_park, serial_park_tiny_2,
          serial_park_square1 [serial_park_minivault_5x5_5], serial_park_gazebo
          [serial_park_minivault_5x5_6], serial_park_paths
          [serial_park_minivault_5x5_6]
D:9:      layout_loops_ring, minmay_lair_entry_grove, david_orc_5, uniq_psyche,
          uniq_joseph, uniq_gastronok
D:10:     minmay_chopped_fan, layout_loops_ring, okawaru_gym_becter,
          nicolae_trove_entry_isolated, nicolae_fountain_basement

Skill      XL: |  1  2  3  4  5  6  7  8  9 10 11 12 |
---------------+-------------------------------------+-----
Earth Magic    | 4 5 6 8 10 | 10.8
Spellcasting   | 3 4 6 8 |  8.6
Conjurations   | 2 3 6 9 |  9.5
Stealth        | 4 7 |  7.5
Evocations     | 1 |  1.8
Fighting       | 1 4 7 8 |  8.1
Dodging        | 2 5 |  5.7
Transmutations | |  0.7

Action                   |  1- 3 |  4- 6 |  7- 9 | 10-12 || total
-------------------------+-------+-------+-------+-------++-------
Melee: Dagger            |   101 |    37 |    30 |   131 ||   299
       Punch             |       |       |       |     6 ||     6
Throw: Dart              |       |     3 |       |       ||     3
 Cast: Sandblast         |    14 |    56 |   104 |   182 ||   356
       Stone Arrow       |       |       |    15 |    47 ||    62
       Passwall          |       |       |       |     1 ||     1
Invok: Curse Item        |       |     2 |     2 |     1 ||     5
  Use: Scroll            |       |     4 |     2 |     3 ||     9
       Potion            |       |       |     3 |     4 ||     7
 Stab: Sleeping          |     2 |       |     3 |     9 ||    14
       Distracted        |       |       |     1 |       ||     1
Armor: Robe              |    28 |    11 |    36 |    73 ||   148
Dodge: Dodged            |    56 |    33 |    52 |   130 ||   271
